 Dungeon Crawl Stone Soup version 0.15.1-3-g1b33baa (webtiles) character file.

1580 HeMahn the Covered (level 8, -7/71 HPs)
             Began as a Minotaur Fighter on Oct 9, 2014.
             Was a Priest of Trog.
             Engulfed by their own flame (12 damage)
             ... on Level 5 of the Dungeon.
             The game lasted 00:20:20 (5360 turns).

HeMahn the Covered (Minotaur Fighter)               Turns: 5360, Time: 00:20:21

HP  -7/71        AC 16     Str 22      XL: 8   Next: 60%
MP   3/3         EV  5     Int  7      God: Trog [***...]
Gold 251         SH 12     Dex  9      Spells:  0 memorised,  7 levels left

rFire  . . .     SeeInvis .     w - +2 war axe (venom)
rCold  . . .     Clarity  .     u - +0 plate armour
rNeg   . . .     rCorr    .     c - +1 shield
rPois  +         rRot     .     (helmet restricted)
rElec  .         Spirit   .     E - +2 cloak
SustAb .         Warding  .     (no gloves)
rMut   .         Stasis   .     (no boots)
Gourm  .                        (no amulet)
MR     .....                    (no ring)
                                t - ring of poison resistance

@: not resistant to hostile enchantments, extremely unstealthy
A: retaliatory headbutt, horns 2
a: Burn Spellbooks, Berserk, Trog's Hand, Renounce Religion


You were on level 5 of the Dungeon.
You worshipped Trog.
Trog was most pleased with you.
You were hungry.

You visited 1 branch of the dungeon, and saw 5 of its levels.

You collected 251 gold pieces.

Inventory:

Hand weapons
 a - a +0 war axe
 i - a +3 mace
 w - a +2 war axe of venom (weapon)
Armour
 b - a +0 scale mail
 c - a +1 shield (worn)
 u - a +0 plate armour (worn)
 x - a +0 chain mail
 E - a +2 cloak (worn)
Magical devices
 o - a wand of paralysis (24) {unknown}
Comestibles
 d - 6 bread rations
 f - 4 meat rations
 A - 2 rotting chunks of orc flesh
 B - 2 fruits
 G - 3 chunks of worker ant flesh
Scrolls
 j - 2 scrolls of immolation
 k - 3 scrolls of remove curse
 n - a scroll of teleportation {unknown}
 p - 2 scrolls of recharging
 q - 2 scrolls of blinking {unknown}
 r - 2 scrolls of random uselessness {unknown}
 v - a scroll of enchant weapon {unknown}
 y - a scroll of magic mapping
 C - a scroll of fear {unknown}
 H - a scroll of identify
 J - a scroll of silence {unknown}
Jewellery
 g - a +2 ring of intelligence {unknown}
 h - an uncursed ring of ice
 t - a ring of poison resistance (left hand)
 F - an uncursed amulet of faith {unknown}
Potions
 e - 2 potions of might
 m - a potion of brilliance {unknown}
 s - 2 potions of poison {unknown}
 z - 2 potions of degeneration {unknown}
 D - 2 potions of cancellation
 I - a potion of cure mutation {unknown}


   Skills:
 + Level 6.6 Fighting
 + Level 7.0 Axes
 + Level 7.8 Armour
 + Level 7.8 Shields


You had 7 spell levels left.
You didn't know any spells.

Dungeon Overview and Level Annotations

Branches:
Dungeon (5/15)
 Temple: D:4-7

Altars:
Trog


Innate Abilities, Weirdness & Mutations

You reflexively headbutt those who attack you in melee.
You have a pair of horns on your head.


Message History

As you read the scroll labeled COUKAU PSUOQO, it crumbles to dust.
The creatures around you are filled with an inner flame!
It was a scroll of immolation.
The hound bites you but does no damage. The hound closely misses you.
You block the hound's attack.
You hit the hound.
The hound is poisoned.
You headbutt the hound!
The hound explodes!
The fiery explosion engulfs you! Trog accepts your kill.
You are engulfed in roaring flames.
You are engulfed in roaring flames.
* * * LOW HITPOINT WARNING * * *
You see here a chunk of hound flesh.
Eat one of 3 chunks of worker ant flesh? (ye/n/q/i?)
Okay, then.
Drink which item? (? for menu, Esc to quit)
You feel better.
You are engulfed in roaring flames.
* * * LOW HITPOINT WARNING * * *
You are engulfed in roaring flames.
You die...

####...###.# .......#
#.# #####.## #.# #
### #.# # #..### #
##....# #### # #(.
...## #.### ....#
#.@§## .(..# ###§§#
...##### ##§#
.......###########.##
######...........[..#
################


There were no monsters in sight!

Vanquished Creatures
  Grinder (D:4)
  2 ogres (D:4)
  A sky beast (D:5)
  An ice beast (D:5)
  A scorpion (D:5)
  5 wights (D:3)
  2 crimson imps (D:5)
  3 orc priests
  2 hounds
  A jelly (D:5)
  A centaur skeleton (D:4)
  5 orc wizards (D:4)
  2 worker ants
  An ogre zombie (D:5)
  5 adders
  7 gnolls
  2 shadow imps
  A giant mite (D:3)
  4 worms
  2 giant geckos
  19 orcs
  10 bats
  A bat skeleton (D:4)
  4 giant cockroaches
  A giant mite zombie (D:5)
  11 goblins
  5 hobgoblins
  4 jackals (D:3)
  10 kobolds
  2 quokkas (D:3)
  5 giant newts
  A kobold skeleton (D:4)
  2 orc zombies (D:4)
  12 rats
136 creatures vanquished.

Notes
Turn   | Place    | Note
--------------------------------------------------------------
     0 | D:1      | HeMahn, the Minotaur Fighter, began the quest for the Orb.
     0 | D:1      | Reached XP level 1. HP: 19/19 MP: 1/1
   504 | D:1      | Reached XP level 2. HP: 27/27 MP: 1/1
   758 | D:2      | Reached skill level 4 in Fighting
   760 | D:2      | Reached XP level 3. HP: 26/33 MP: 2/2
  1073 | D:2      | Reached XP level 4. HP: 31/40 MP: 2/2
  1845 | D:3      | Found a bloodstained altar of Trog.
  1884 | D:3      | Reached skill level 5 in Armour
  1884 | D:3      | Reached skill level 5 in Shields
  1884 | D:3      | Reached XP level 5. HP: 33/47 MP: 2/2
  1905 | D:3      | Reached XP level 6. HP: 14/53 MP: 3/3
  2171 | D:3      | Became a worshipper of Trog the Wrathful
  2726 | D:3      | Acquired Trog's first power
  3299 | D:4      | Reached skill level 6 in Shields
  3378 | D:4      | Acquired Trog's second power
  3398 | D:4      | Reached skill level 5 in Fighting
  3398 | D:4      | Reached skill level 5 in Axes
  3398 | D:4      | Reached XP level 7. HP: 26/61 MP: 3/3
  4204 | D:4      | Noticed Grinder
  4221 | D:4      | Killed Grinder
  4222 | D:4      | Reached skill level 7 in Armour
  4498 | D:4      | Reached XP level 8. HP: 56/70 MP: 3/3
  4557 | D:5      | Entered Level 5 of the Dungeon
  5360 | D:5      | Engulfed by their own flame

Action                   |  1- 3 |  4- 6 |  7- 9 || total
-------------------------+-------+-------+-------++-------
Melee: War axe           |    67 |   157 |   104 ||   328
Invok: Burn Spellbooks   |       |     1 |       ||     1
       Berserk           |       |       |     1 ||     1
  Use: Scroll            |     3 |     3 |     3 ||     9
       Potion            |       |     1 |     1 ||     2
  Eat: Chunk             |       |     8 |     7 ||    15
